Cogmind - Beta 16 @@@ ROGUE MODE // 2025.12.27 @ 18:11:39 Player: Legato Result: Destroyed by P-70 Sage with Tesla Rifle Performance ------------- Evolutions (6) 3000 Regions Visited (9) 1800 Robots Destroyed (51) 255 Value Destroyed (1447) 1447 Prototype IDs (2) 40 Alien Tech Used (0) 0 Bonus (0) 0 TOTAL SCORE: 6542 Bonus ------- None Cogmind --------- Core Integrity 0/1150 Matter 234/300 Energy 99/100 System Corruption 4% Temperature Cool (0) Movement Core (50) Location -4/Factory Parts ------- > --- POWER (1) -------- (None) > --- PROPULSION (7) --- (None) > --- UTILITY (8) ------ (None) > --- WEAPON (3) ------- (None) > --- INVENTORY (5) ---- (None) Peak State ------------ > --- POWER ------------ Neutrino Core > --- PROPULSION ------- Myomer Leg Impulse Thruster Impulse Thruster > --- UTILITY ---------- Small Storage Unit Compact Battery Weight Redist. System Improved Armor Integrity Analyzer Makeshift Power Shielding Improved Medium Armor Plating Improved Corruption Screen > --- WEAPON ----------- Particle Gun Light Assault Rifle Heavy Assault Rifle > --- INVENTORY -------- Point Defense System [Rating: 59] Favorites ----------- Power Light Ion Engine Engine Light Ion Engine Power Core Light Nuclear Core Propulsion Aluminum Leg Treads Heavy Siege Treads Leg Aluminum Leg Wheel Armored Wheel Hover Unit Gravmag Array Flight Unit Flight Unit Utility Small Storage Unit Device Seismic Detector Storage Small Storage Unit Processor System Guard Hackware Advanced System Shield Protection Utility Shielding Weapon Flak Gun Energy Gun Riot Gun Ballistic Gun Flak Gun Ballistic Cannon Improved Light Cannon Launcher Grenade Launcher Build | -11 -10 -9 -8 -7 -7 -7 -6 -5 -4 ------- Run | Yrd Mat Mat Mat Fac Low Low Fac Fac Fac Slots Evolved 12 | . . 2 2 2 . . 2 2 2 Power . | . . . . . . . . . . Propulsion 5 | . . 1 1 . . . 1 1 1 Utility 6 | . . 1 1 2 . . 1 1 . Weapon 1 | . . . . . . . . . 1 Parts Attached 89 | 7 7 6 19 12 8 . 8 1 21 Power 11 | 1 1 1 3 1 2 . 1 . 1 Engine 6 | 1 . 1 2 . 1 . 1 . . Core 5 | . 1 . 1 1 1 . . . 1 Reactor . | . . . . . . . . . . Propulsion 28 | 2 1 2 10 3 2 . 2 . 6 Treads 1 | . . . . . . . . . 1 Leg 16 | 2 1 2 5 3 1 . . . 2 Wheel 3 | . . . 1 . 1 . 1 . . Hover 2 | . . . . . . . 1 . 1 Flight 6 | . . . 4 . . . . . 2 Utility 28 | 2 1 2 1 5 2 . 5 1 9 Device 12 | 1 . 1 1 2 1 . 2 1 3 Storage 3 | 1 . 1 . . . . . . 1 Processor 5 | . . . . 1 . . 2 . 2 Hackware 1 | . . . . . . . . . 1 Protection 7 | . 1 . . 2 1 . 1 . 2 Artifact . | . . . . . . . . . . Weapon 22 | 2 4 1 5 3 2 . . . 5 Energy Gun 7 | 1 2 . 1 . 1 . . . 2 Energy Cannon . | . . . . . . . . . . Ballistic Gun 10 | 1 . . 3 3 . . . . 3 Ballistic Cannon 2 | . . 1 . . 1 . . . . Launcher 3 | . 2 . 1 . . . . . . Special Weapon . | . . . . . . . . . . Impact Weapon . | . . . . . . . . . . Slashing Weapon . | . . . . . . . . . . Piercing Weapon . | . . . . . . . . . . Special Melee Weapon . | . . . . . . . . . . Unidentified Prototypes 2 | . . . 2 . . . . . . Corrupted Parts 2 | . . . 1 . . . . . 1 System Corruption 7 | . . . 6 . . . . . 1 Parts Lost 53 | . . . 9 3 12 . 1 . 28 Power 5 | . . . 2 . 1 . . . 2 Propulsion 21 | . . . 5 3 4 . . . 9 Utility 17 | . . . 1 . 5 . 1 . 10 Weapon 10 | . . . 1 . 2 . . . 7 Highest Loss Streak 14 | . . . 5 3 12 . 1 . 14 To Critical Strikes 2 | . . . . . . . . . 2 Average Backups 6 | 4 7 6 5 7 6 6 6 6 4 Power 1 | . 1 1 . . . 2 2 2 . Propulsion 1 | 3 4 2 1 1 . . . . . Utility 1 | . 2 2 1 . . . . . 1 Weapon 2 | . . . 2 5 4 4 4 4 1 Tool/Special . | . . . . . . . . . . Unused Backups 7 | . 1 4 . 2 . . . . . Power . | . . . . . . . . . . Propulsion 4 | . . 4 . . . . . . . Utility 1 | . . . . 1 . . . . . Weapon 2 | . 1 . . 1 . . . . . Tool/Special . | . . . . . . . . . . Average Slot Usage (%) 83 | . 97 97 88 93 80 69 86 87 59 Engine 4 | . 9 5 7 . . 7 6 5 2 Core 2 | . 3 5 . 7 5 . . . . Leg 17 | . 27 30 15 28 22 7 6 5 3 Wheel 4 | . . . 2 . 1 15 14 17 8 Flight 1 | . . . 9 . . . . . . Device 9 | . 1 5 8 12 16 7 10 16 11 Storage 10 | . 14 16 18 13 7 7 6 5 4 Processor 3 | . . . . 4 . . 11 11 6 Protection 9 | . 12 11 9 10 10 7 11 11 7 Energy Gun 3 | . 8 . 2 1 5 7 6 5 3 Ballistic Gun 8 | . 14 5 10 13 3 7 6 5 6 Ballistic Cannon 1 | . . 5 2 . 3 . . . . Launcher 2 | . 4 11 1 . . . . . . Peak Build Rating 59 | 7 9 12 17 28 28 24 49 42 59 Average Rating 23 | 5 7 10 13 22 22 24 43 41 40 On Entrance 19 | . 7 9 10 16 28 24 24 38 42 Avg Prop Armor Cover (%) 6 | . . . 6 . 10 7 8 4 5 Naked Turns 28 | . . . . . . . . . 28 Heaviest Build 37 | 13 16 18 21 35 28 19 27 30 37 Greatest Support 70 | 20 20 30 40 40 40 28 44 44 70 Greatest Overweight (x) 11 | . . . 3 1 2 1 . . 11 Average Overweight (x) . | . . . . . . . . . . Largest Inventory Capacity 8 | 8 8 8 8 8 8 8 8 8 8 Average Capacity 7 | 7 8 8 8 8 8 8 8 8 7 Most Carried 8 | 6 8 8 8 8 8 6 6 6 8 Average Carried 6 | 4 7 6 5 7 6 6 6 6 4 Final Capacity 8 | 8 8 8 8 8 8 8 8 8 5 Final Carried 8 | 6 8 6 8 8 6 6 6 6 . Class Distribution -------------------- 39% | Mutant 28% | Scavenger-Mutant 16% | Derelict-Mutant 8% | Derelict-Tank 3% | Tank Dominant Class ---------------- Mutant | -10/Materials Mutant | -9/Materials Scavenger-Mutant | -8/Materials Scavenger-Mutant | -7/Factory Scavenger-Mutant | -7/Lower Caves Derelict-Mutant | -7/Lower Caves Derelict-Mutant | -6/Factory Derelict-Mutant | -5/Factory Derelict-Tank | -4/Factory Resources | -11 -10 -9 -8 -7 -7 -7 -6 -5 -4 ----------- Run | Yrd Mat Mat Mat Fac Low Low Fac Fac Fac Matter Collected 1747 | 298 90 101 523 260 165 . 71 . 239 Remotely 76 | 10 . . 66 . . . . . . Salvage Created 1678 | 189 176 178 638 210 . . 71 . 216 Parts 109 | 11 16 11 46 13 . . 6 . 6 Haulers Intercepted . | . . . . . . . . . . Recyclers Shooed 5 | . 1 . 1 . . . 1 . 2 Parts Field Recycled . | . . . . . . . . . . Retrieved Matter . | . . . . . . . . . . Parts Self-Destructed 2 | . . . . . . 2 . . . Prevented . | . . . . . . . . . . Parts Restored . | . . . . . . . . . . Kills | -11 -10 -9 -8 -7 -7 -7 -6 -5 -4 ------- Run | Yrd Mat Mat Mat Fac Low Low Fac Fac Fac Combat Hostiles Destroyed 32 | . 4 4 16 4 . . 1 . 3 Guns 19 | . 3 1 8 4 . . 1 . 2 Cannons 6 | . . 1 5 . . . . . . AOE 7 | . 1 2 3 . . . . . 1 Classes Destroyed 9 | 2 3 2 2 . . . . . . Worker 4 | . 1 . 2 . . . . . 1 Builder 4 | . 1 2 1 . . . . . . Tunneler 7 | 5 1 . . . . . 1 . . Recycler 2 | 1 . . 1 . . . . . . Watcher 2 | . . 1 1 . . . . . . Swarmer 7 | . . . 7 . . . . . . Grunt 15 | . 4 2 6 3 . . . . . Sentry 7 | . . 2 2 1 . . 1 . 1 Hunter 3 | . . . 1 . . . . . 2 Best Kill Streak 7 | 5 4 4 7 3 . . 1 . 2 Combat Bots Only 3 | . 2 2 3 3 . . 1 . 2 Max Kills in Single Turn 4 | 1 2 2 4 1 . . 1 . 1 Gunslinging . | . . . . . . . . . . Exploded 1 | . 1 1 1 . . . . . 1 Melee . | . . . . . . . . . . Uniques/NPCs Destroyed . | . . . . . . . . . . Combat | -11 -10 -9 -8 -7 -7 -7 -6 -5 -4 -------- Run | Yrd Mat Mat Mat Fac Low Low Fac Fac Fac Hostile Shots Fired 641 | . 19 17 86 121 39 . 37 3 319 Missed 213 | . 5 6 14 56 12 . 15 . 105 Hits 428 | . 14 11 72 65 27 . 22 3 214 Projectile 428 | . 14 11 72 65 27 . 22 3 214 Critical Strikes 12 | . . 1 1 . 1 . . . 9 Damage Taken 7116 | . 311 173 940 685 583 . 368 62 3994 Core 1619 | . 30 17 135 84 123 . 80 . 1150 Absorbed by Shields . | . . . . . . . . . . Redirected to Shielding 178 | . 3 . 25 . 23 . 2 . 125 Core Remaining (%) 88 | 100 88 95 75 . . 70 90 100 . Volleys Fired 140 | 11 17 11 43 18 1 . 7 . 32 Largest 3 | 2 2 2 2 2 2 . 2 . 3 Hottest 116 | 70 70 63 88 80 88 . 78 . 116 Shots Fired 280 | 22 34 22 78 36 2 . 14 . 72 Gun 235 | 22 30 8 52 36 1 . 14 . 72 Cannon 25 | . . 3 21 . 1 . . . . Launcher 20 | . 4 11 5 . . . . . . Special . | . . . . . . . . . . Kinetic 193 | 11 17 11 60 33 1 . 7 . 53 Thermal 51 | 11 13 . 13 3 1 . . . 10 Explosive 16 | . 4 11 1 . . . . . . Electromagnetic 20 | . . . 4 . . . 7 . 9 Robot Hit Streak 10 | 6 10 5 9 7 1 . 6 . 5 Robot Miss Streak 7 | 3 2 2 4 4 1 . 7 . 7 Penetration Max . | . . . . . . . . . . Secondary Targets 1 | . . . . 1 . . . . . Max Gunslinging Chain 1 | . . . . 1 . . . . . Shots Hit Robots 180 | 12 24 11 50 22 1 . 12 . 48 Core Hits 129 | 7 11 14 33 19 1 . 11 . 33 Critical Kills 1 | . . . . . . . . . 1 Critical Parts Destroyed . | . . . . . . . . . . Critical Strikes 4 | 2 . . . . . . . . 2 Burn 3 | 2 . . . . . . . . 1 Destroy 1 | . . . . . . . . . 1 Melee Attacks . | . . . . . . . . . . Impact . | . . . . . . . . . . Slashing . | . . . . . . . . . . Piercing . | . . . . . . . . . . Sneak Attacks . | . . . . . . . . . . Combat Hostiles . | . . . . . . . . . . Follow-up Attacks . | . . . . . . . . . . Damage Inflicted 3801 | 154 491 423 1156 404 44 . 394 17 718 Guns 2383 | 152 269 59 574 401 24 . 207 . 697 Cannons 288 | . . 47 221 . 20 . . . . Explosions 989 | . 196 317 357 . . . 119 . . Melee . | . . . . . . . . . . Ramming 141 | 2 26 . 4 3 . . 68 17 21 Kinetic 1994 | 79 155 106 629 341 20 . 134 . 530 Thermal 662 | 73 114 . 166 60 24 . 119 . 106 Explosive 562 | . 180 317 65 . . . . . . Electromagnetic 442 | . 16 . 292 . . . 73 . 61 Impact . | . . . . . . . . . . Slashing . | . . . . . . . . . . Piercing . | . . . . . . . . . . Highest Corruption 6 | . 1 . 6 . . . . . 2 Average Corruption 2 | . 1 . 6 . . . . . 1 Corruption Purged . | . . . . . . . . . . Corruption Blocked 6 | . . . . . . . . . 6 Effects 9 | . 1 . 6 . . . . . 2 Message Errors 2 | . . . 2 . . . . . . Matter Fused 5 | . . . 3 . . . . . 2 Heat Flow Errors 1 | . 1 . . . . . . . . Weapon Failures 1 | . . . 1 . . . . . . Overload Shots . | . . . . . . . . . . Overflow Damage 18 | . . . 17 . . . 1 . . Projectiles . | . . . . . . . . . . Explosions 17 | . . . 17 . . . . . . Melee 1 | . . . . . . . 1 . . Knockbacks 2 | . . . 1 . . . . 1 . Impact 1 | . . . . . . . . 1 . Kinetic 1 | . . . 1 . . . . . . Secondary . | . . . . . . . . . . Self-Inflicted Damage 274 | . 112 22 48 . . . 79 8 5 Shots 11 | . 4 3 3 . . . 1 . . Rammed 12 | . . . . . . . 3 1 8 Targets Rammed 24 | 2 6 . 2 1 . . 3 1 9 Kicked 12 | 2 6 . 2 1 . . . . 1 Crushed . | . . . . . . . . . . Highest Temperature 308 | 18 173 9 99 32 308 . 30 . 54 Average Temperature 32 | 8 50 3 32 10 158 . 19 . 15 Received Heat Transfer 1453 | . 105 78 306 177 414 . 96 . 277 Siege Activations . | . . . . . . . . . . Martial Activations . | . . . . . . . . . . Shielding Activations . | . . . . . . . . . . Robots Disrupted . | . . . . . . . . . . Combat Hostiles . | . . . . . . . . . . Robots Corrupted . | . . . . . . . . . . Combat Hostiles . | . . . . . . . . . . Parts Fried 1 | . . . 1 . . . . . . Impact Corruptions 1 | . . . . . . . 1 . . Robots Melted . | . . . . . . . . . . Combat Hostiles . | . . . . . . . . . . Parts Melted 3 | 2 . . 1 . . . . . . Heat Transferred 1596 | 370 262 . 333 111 37 . 150 . 333 Parts Sabotaged . | . . . . . . . . . . Parts Stolen . | . . . . . . . . . . Parts Stripped . | . . . . . . . . . . Power Chain Reactions 2 | . . . 1 . . . 1 . . Alert | -11 -10 -9 -8 -7 -7 -7 -6 -5 -4 ------- Run | Yrd Mat Mat Mat Fac Low Low Fac Fac Fac Maximum Alert Level 1 | . . . 1 . . . . . . Low Security (%) 95 | 100 100 100 68 100 . . 100 100 100 Level 1 4 | . . . 31 . . . . . . Level 2 . | . . . . . . . . . . Level 3 . | . . . . . . . . . . Level 4 . | . . . . . . . . . . Level 5 . | . . . . . . . . . . High Security . | . . . . . . . . . . Max Security . | . . . . . . . . . . Peak Influence 235 | 15 88 103 235 102 . . 30 4 57 Initial 102 | . . 4 22 102 . . . . . Average 40 | 1 26 53 154 39 . . 2 . 7 Influence Increases 1192 | 30 172 193 501 101 . . 40 4 151 Destroy 0b10 Robot/C 640 | . 80 80 320 80 . . 20 . 60 Destroy 0b10 Robot/NC 95 | 30 15 15 25 . . . 5 . 5 Destroy Leader 144 | . 10 22 72 20 . . 10 . 10 Successful Hack 66 | . 16 . 30 . . . . 4 16 Disable Machine 75 | . 30 30 15 . . . . . . Destroy Structure 82 | . 21 46 9 1 . . 5 . . Partial Spotted 15 | . . . . . . . . . 15 Lose Combat Pursuer 75 | . . . 30 . . . . . 45 Influence Decreases 1165 | 30 160 152 327 328 . . 40 4 124 Entered New Map 164 | . . 8 31 125 . . . . . Time Decay 814 | 30 160 144 206 173 . . 35 4 62 Lost Part 187 | . . . 90 30 . . 5 . 62 Squads Dispatched 13 | . 1 . 3 2 . . 3 1 3 Investigation 4 | . 1 . 1 1 . . . 1 . Extermination 2 | . . . . . . . 1 . 1 Reinforcement 7 | . . . 2 1 . . 2 . 2 Assault . | . . . . . . . . . . Garrison . | . . . . . . . . . . Intercept . | . . . . . . . . . . Searches Triggered . | . . . . . . . . . . Construction Impeded 2 | . . . 1 . . . . . 1 Haulers Reinforced . | . . . . . . . . . . Active Scanning Responses . | . . . . . . . . . . Cargo Convoy Interrupts . | . . . . . . . . . . Stealth | -11 -10 -9 -8 -7 -7 -7 -6 -5 -4 --------- Run | Yrd Mat Mat Mat Fac Low Low Fac Fac Fac Distress Signals 6 | . . 1 3 . . . 1 . 1 Communications Jammed 3 | . . . . 3 . . . . . Distress Signals 1 | . . . . 1 . . . . . Times Spotted 68 | . 8 7 20 8 1 . 7 1 16 Peak Tracking Total 7 | . 5 2 4 3 1 . 4 1 7 Tactical Retreats 3 | . . . 2 . . . . . 1 Traps | -11 -10 -9 -8 -7 -7 -7 -6 -5 -4 ------- Run | Yrd Mat Mat Mat Fac Low Low Fac Fac Fac Traps Triggered 6 | . 2 . 1 . . . . . 3 Indirectly . | . . . . . . . . . . Trap Hack Attempts . | . . . . . . . . . . Triggered . | . . . . . . . . . . Disarmed . | . . . . . . . . . . Reprogrammed . | . . . . . . . . . . Reused . | . . . . . . . . . . Traps Extracted . | . . . . . . . . . . Installed . | . . . . . . . . . . Triggered . | . . . . . . . . . . Machines | -11 -10 -9 -8 -7 -7 -7 -6 -5 -4 ---------- Run | Yrd Mat Mat Mat Fac Low Low Fac Fac Fac Machines Disabled 5 | . 2 2 1 . . . . . . Max in Single Turn 2 | . 2 1 1 . . . . . . Machines Repaired . | . . . . . . . . . . Machines Dismantled . | . . . . . . . . . . Machines Sabotaged . | . . . . . . . . . . Overloaded Fab Kills . | . . . . . . . . . . Hacking | -11 -10 -9 -8 -7 -7 -7 -6 -5 -4 --------- Run | Yrd Mat Mat Mat Fac Low Low Fac Fac Fac Machines Accessed 10 | . 3 . 4 1 . . . 1 1 Terminals 9 | . 3 . 3 1 . . . 1 1 Fabricators . | . . . . . . . . . . Repair Stations . | . . . . . . . . . . Recycling Units 1 | . . . 1 . . . . . . Scanalyzers . | . . . . . . . . . . Garrison Access . | . . . . . . . . . . Total Hacks 33 | . 8 . 12 3 . . . 5 5 Successful 16 | . 4 . 5 1 . . . 3 3 Failed 17 | . 4 . 7 2 . . . 2 2 Catastrophic 2 | . . . 2 . . . . . . Database Lockouts . | . . . . . . . . . . Manual 10 | . 1 . 7 1 . . 1 . . Terminals 31 | . 8 . 10 3 . . . 5 5 Fabricators . | . . . . . . . . . . Repair Stations . | . . . . . . . . . . Recycling Units 2 | . . . 2 . . . . . . Scanalyzers . | . . . . . . . . . . Garrison Access . | . . . . . . . . . . Terminal Hacks 15 | . 4 . 4 1 . . . 3 3 Record 8 | . . . 1 1 . . . 3 3 Robot Analysis 2 | . 1 . 1 . . . . . . Level Access Points 1 | . . . 1 . . . . . . Emergency Access Points 1 | . . . 1 . . . . . . Recycling Unit Index 1 | . 1 . . . . . . . . Dispatch Records 1 | . 1 . . . . . . . . Zone Layout 1 | . 1 . . . . . . . . Fabricator Hacks . | . . . . . . . . . . Repair Station Hacks . | . . . . . . . . . . Recycling Unit Hacks 1 | . . . 1 . . . . . . Retrieve Matter 1 | . . . 1 . . . . . . Scanalyzer . | . . . . . . . . . . Garrison Access Hacks . | . . . . . . . . . . Unauthorized Hacks . | . . . . . . . . . . Terminals . | . . . . . . . . . . Fabricators . | . . . . . . . . . . Repair Stations . | . . . . . . . . . . Recycling Units . | . . . . . . . . . . Scanalyzers . | . . . . . . . . . . Garrison Access . | . . . . . . . . . . Data Cores Recovered . | . . . . . . . . . . Used . | . . . . . . . . . . Hacking Detections 8 | . 2 . 3 1 . . . 1 1 Full Trace Events 4 | . 1 . 1 1 . . . 1 . Feedback Events 1 | . . . . . . . . 1 . Corruption 1 | . . . . . . . . 1 . Feedback Blocked . | . . . . . . . . . . Robot Schematics Acquired . | . . . . . . . . . . Robots Built . | . . . . . . . . . . Authchips . | . . . . . . . . . . Time . | . . . . . . . . . . Total Robot Build Rating . | . . . . . . . . . . Part Schematics Acquired . | . . . . . . . . . . Parts Built . | . . . . . . . . . . Authchips . | . . . . . . . . . . Time . | . . . . . . . . . . Total Part Build Rating . | . . . . . . . . . . Part Studies Acquired . | . . . . . . . . . . Parts Repaired . | . . . . . . . . . . Time . | . . . . . . . . . . Parts Recycled . | . . . . . . . . . . Recycled Matter . | . . . . . . . . . . Retrieved Matter . | . . . . . . . . . . Retrieved Components . | . . . . . . . . . . Parts Scanalyzed . | . . . . . . . . . . Part Schematics Acquired . | . . . . . . . . . . Parts Damaged . | . . . . . . . . . . Bothacking | -11 -10 -9 -8 -7 -7 -7 -6 -5 -4 ------------ Run | Yrd Mat Mat Mat Fac Low Low Fac Fac Fac Used RIF Installer . | . . . . . . . . . . Robots Hacked . | . . . . . . . . . . Non-combat . | . . . . . . . . . . Combat . | . . . . . . . . . . Robot Hacks Applied . | . . . . . . . . . . Relay Couplers Released . | . . . . . . . . . . Fabnet Peak Effective % . | . . . . . . . . . . Robots Rewired . | . . . . . . . . . . Allies Hacked . | . . . . . . . . . . Hacks Repelled . | . . . . . . . . . . Allies | -11 -10 -9 -8 -7 -7 -7 -6 -5 -4 -------- Run | Yrd Mat Mat Mat Fac Low Low Fac Fac Fac Total Allies . | . . . . . . . . . . Largest Group . | . . . . . . . . . . Highest-Rated Group . | . . . . . . . . . . Highest-Rated Ally . | . . . . . . . . . . Total Orders . | . . . . . . . . . . Ally Attacks . | . . . . . . . . . . Total Damage . | . . . . . . . . . . Kills . | . . . . . . . . . . Allies Corrupted . | . . . . . . . . . . Allies Melted . | . . . . . . . . . . Intel | -11 -10 -9 -8 -7 -7 -7 -6 -5 -4 ------- Run | Yrd Mat Mat Mat Fac Low Low Fac Fac Fac Active Infowar (turns) 1592 | . . 154 348 404 197 . 51 139 299 Terrain 94 | . . . . . . . . . 94 Structural 154 | . . 154 . . . . . . . Seismic 1344 | . . . 348 404 197 . 51 139 205 Jamming 126 | . . . . 80 46 . . . . Robot Analysis Total 2 | . 1 . 1 . . . . . . Derelict Logs Recovered 1 | . . . . . 1 . . . . Drone Launches . | . . . . . . . . . . Drone Recoveries . | . . . . . . . . . . Exploration | -11 -10 -9 -8 -7 -7 -7 -6 -5 -4 ------------- Run | Yrd Mat Mat Mat Fac Low Low Fac Fac Fac Turns Passed 3226 | 183 464 322 427 404 269 55 305 139 658 Spaces Moved 2405 | 113 311 225 249 260 205 56 292 152 542 Core 108 | 5 . . . . 6 . . . 97 Treads 32 | . . . . . . . . . 32 Legs 1238 | 108 311 225 120 260 167 . . . 47 Wheels 805 | . . . 13 . 32 56 243 152 309 Hover 104 | . . . . . . . 49 . 55 Flight 118 | . . . 116 . . . . . 2 Fastest Speed 31 | 50 120 120 31 120 100 95 80 90 50 Average Speed 104 | 116 120 120 87 120 120 98 91 90 93 Slowest Speed 600 | 120 120 120 290 190 190 115 95 90 600 Overloaded Moves . | . . . . . . . . . . Propulsion Burnouts . | . . . . . . . . . . Robots Hopped 2 | . . . 2 . . . . . . Potential Cave-ins . | . . . . . . . . . . Cave-ins Triggered . | . . . . . . . . . . Exploration Rate (%) 18 | 5 45 24 23 7 41 10 11 4 14 Regions Visited 9 Branch Regions 2 Pre-discovered Areas . | . . . . . . . . . . Known Exits Taken 1 | . . . 1 . . . . . . Unknown Exits Taken 8 | 1 1 1 . 1 1 1 1 1 . Scrap Searched 2 | . . . . . 2 . . . . Spaces Dug 5 | . . 5 . . . . . . . Terrain Destroyed 80 | . 22 42 12 . . . 4 . . Melee . | . . . . . . . . . . Projectile 3 | . . . 3 . . . . . . AOE 77 | . 22 42 9 . . . 4 . . Terrain Rammed . | . . . . . . . . . . Walls Destroyed . | . . . . . . . . . . Machines Disabled . | . . . . . . . . . . Actions | -11 -10 -9 -8 -7 -7 -7 -6 -5 -4 --------- Run | Yrd Mat Mat Mat Fac Low Low Fac Fac Fac Total 2822 | 138 366 256 373 317 222 55 311 153 631 Wait 83 | . 10 3 43 13 . . 1 . 13 Move 2392 | 112 310 224 244 259 204 55 291 151 542 Hop 2 | . . . 2 . . . . . . Pick Up 32 | 6 3 4 8 5 2 . . . 4 Fast Attach 65 | 7 9 3 11 7 5 . 7 1 15 Attach 21 | . . 1 6 2 5 . . . 7 Detach 5 | . 1 . 2 . . . . . 2 Swap 19 | . 3 2 5 4 3 . 1 . 1 Drop 39 | . 7 8 7 8 2 . 1 . 6 Fire 140 | 11 17 11 43 18 1 . 7 . 32 Melee . | . . . . . . . . . . Ram 10 | . . . . . . . 3 1 6 Kick 12 | 2 6 . 2 1 . . . . 1 Crush 2 | . . . . . . . . . 2 Escape Stasis . | . . . . . . . . . . Rewire . | . . . . . . . . . . Trap . | . . . . . . . . . . Miscellaneous . | . . . . . . . . . . Route ------- -11/Scrapyard -10/Materials (discovered 3 exits: [*Mat x2] / [*Min]) -9/Materials -8/Materials (discovered 4 exits: *Fac x3 / [*Sto]) -7/Factory (discovered 2 exits: [*Low x2]) -7/Lower Caves -7/Lower Caves -6/Factory (discovered 3 exits: *Fac / Low x2) -5/Factory -4/Factory History --------- Turn | Location | Event 6 | -11/Scrapyard | Discovered new exit (range 16) 184 | -11/Scrapyard | Entered Materials 271 | -10/Materials | Discovered new exit (range 15) 391 | -10/Materials | Build established: Mutant 430 | -10/Materials | Discovered new exit (range 17) 596 | -10/Materials | Discovered new exit (range 6) 648 | -10/Materials | Entered another Materials area 648 | -9/Materials | Evolved 2 slots: Propulsion x1, Utility x1 870 | -9/Materials | Discovered new exit (range 16) 970 | -9/Materials | Entered another Materials area 970 | -8/Materials | Evolved 2 slots: Propulsion x1, Utility x1 1054 | -8/Materials | Lost 5 parts (1p2n1u1w) 1197 | -8/Materials | Discovered new exit (range 15) 1227 | -8/Materials | Discovered new exit (range 13) 1292 | -8/Materials | Identified exit to Factory 1397 | -8/Materials | Entered Factory 1397 | -7/Factory | Evolved 2 slots: Utility x2 1413 | -7/Factory | Discovered new exit (range 7) 1470 | -7/Factory | Build established: Scavenger-Mutant 1619 | -7/Factory | Lost 3 parts (3n) 1762 | -7/Factory | Discovered new exit (range 16) 1801 | -7/Factory | Entered Lower Caves 1817 | -7/Lower Caves | Learned location of 2 exits from Factory 1975 | -7/Lower Caves | Spotted B-75 Beast 2012 | -7/Lower Caves | Encountered a Warlord checkpoint 2032 | -7/Lower Caves | Discovered new exit (range 10) 2044 | -7/Lower Caves | Found DCF Scrap (11 items) 2046 | -7/Lower Caves | Lost 12 parts (1p4n5u2w) 2070 | -7/Lower Caves | Entered another Lower Caves area 2117 | -7/Lower Caves | Discovered new exit (range 8) 2125 | -7/Lower Caves | Entered Factory 2125 | -6/Factory | Evolved 2 slots: Propulsion x1, Utility x1 2126 | -6/Factory | Identified exit to Lower Caves 2355 | -6/Factory | Build established: Derelict-Mutant 2414 | -6/Factory | Discovered new exit (range 10) 2430 | -6/Factory | Entered another Factory area 2430 | -5/Factory | Evolved 2 slots: Propulsion x1, Utility x1 2564 | -5/Factory | Discovered new exit (range 5) 2569 | -5/Factory | Entered another Factory area 2569 | -4/Factory | Evolved 2 slots: Propulsion x1, Weapon x1 2914 | -4/Factory | Lost 4 parts (1p1n2u) 2998 | -4/Factory | Lost 9 parts (4n2u3w) 3100 | -4/Factory | Core integrity fell below 50% 3130 | -4/Factory | Lost 14 parts (1p3n6u4w) 3157 | -4/Factory | Released all parts (5) 3219 | -4/Factory | Core integrity fell below 20% 3227 | -4/Factory | Destroyed by P-70 Sage with Tesla Rifle Last Messages --------------- transfer corridor. 03136_ Critical hit (Burn: +37). 03149_ Slammed into G-67 Veteran. 03157_ Released Hvy. Siege Treads. 03157_ Released Imp. Corruption Screen. 03157_ Released Mak. Power Shielding. 03157_ Released Broken Imp. Armor Integrity Analyzer. 03157_ Released Adv. System Shield. 03158_ Assembly Bed disabled. 03163_ K-01 Serf collects debris. 03176_ Acquired Gravmag Array. 03204_ Critical hit (Burn: +50). 03208_ ALERT: Security rotation in progress. 03209_ Critical hit (Burn: +37). 03218_ Assembly Bed disabled. 03218_ Gravmag Array destroyed. 03226_ Triggered Gamma Bomb Trap. 03226_ A bubble of electromagnetic force engulfs the area. Map ----- +----------------------------------------------------+ | | | | | | | | | | | | | | | | | | | | | | | | | | | | | | | | | | | ?????????????????????###############?????????????? | | ?????????????????????# #?????????????? | | ?????????????????????# #?????????????? | | ?????????????????????# #?????????????? | | ???????????????????### #?????????????? | | ????????############ + #?????????????? | | ????????# """ ## # #?????????????? | | ????????# "R" ## #####;#######???????????????? | | ????????# " " # @ #????????????????? | | ????????# """ + = #????????????????? | | ????????# """ # ! #?????############ | | ????????# """ [ ## #?????# | | ????????# ## #######/ | | ????????# / ## # | | ????????############ # | | ???????????????????# """" # | | ???????????????????# """ # | | ???????????????????# # | | ??????????????###### """" # | | ??????????????# """ # | | ??????????????# s """" # | | ??????????????# """" p # | | ???????######?# """" # | | ???????# """ # """ # | | ???????# """ # | | ???????# """ + " | | ???????# # ##+# | | ???????# [ =# # | | ???????# ?# ################+####### # " | | ???????######?# #??????????????????????# # " | | ??????????????# ##########?????????????# # " | | ??????????????# # #?????????????????+ " | | ??????????????# # ""G"" #?????????????????# " | +----------------------------------------------------+ Best States ------------- Heat Dissipation 48 Energy Generation 19 Energy Capacity 515 Matter Stores 300 Matter Capacity 400 Sight Range 16 Terrain Scan Range 16 Terrain Scan Density 110 Jamming Range 12 Additional Mass Support 6 Corruption Containment 16 Corruption Block 15 Armor Coverage 450 Power Shielding 15 Utility Shielding 33 Evasion (%) 63 Armor Integrity Analysis 40 Recoil Reduction 2 Matter Filtering 30 Defensive Hacking 14 Item Schematics ----------------- None Robot Schematics ------------------ None Fabricated ------------ Nothing Repaired ---------- Nothing Studied --------- None Alien Tech Used ----------------- None Achievements -------------- None Challenges ------------ None Game ------ Seed AntisysAlertPlatform Manual? 0 Play Time 01:07:14 Cumulative 11.3 hours Start 2025.12.27 @ 15:32:29 End 2025.12.27 @ 18:11:39 Sessions 3 Manual Loads 0 Difficulty Rogue Special Mode None Game No. 18 Rogue 18 Adventurer 0 Explorer 0 Win Type - Total 0 Types 0/0/0/0/0/0/0/0/0/0 Lore% 11 Gallery% 18 Achievement% 14 Wizard Run 0 Options --------- Layout 1 ASCII 0 Keyboard 0 Movement Arrows Keybinds 1 Fullscreen 1 Font 24/Proggy Map View 50x35 Zoom Use 0% Tactical HUD 1 Map Filters NONE Filters NONE Steam 1 RUN: fb892e12-e862-4437-a4b2-79b0c224e0a7